nht, chaotic female elven Wizard p . # # ## ######o# ##############%##### ### # # # # # # ### @ #----+------- -------a- #...........| |......%| |..........| |aa%.%%.| |..........| |%a..%..| |..........| |%%%...%| |.......<..| --------- ------------ nht the Thaumaturge Experience level: 8 Strength: 11 Dexterity: 18 Constitution: 14 Intelligence: 15 Wisdom: 11 Charisma: 12 Health: 0(53) Energy: 54(108) Def: 1 Gold: 538 Moves: 2976 Dungeon seed: 8qhe1hSTQxV0sTx5 Game ID: nht_1430749763 Your Inventory: Coins $ - 538 gold pieces Amulets u - an uncursed amulet versus poison (being worn) Weapons a - a blessed +1 quarterstaff (weapon in hands) Armor e - an uncursed +0 cloak of magic resistance (being worn) Comestibles f - an uncursed lembas wafer r - 2 uncursed eucalyptus leaves z - 2 uncursed carrots D - 2 uncursed food rations T - an uncursed lizard corpse Scrolls g - 2 uncursed scrolls of earth h - 2 uncursed scrolls of remove curse j - 3 uncursed scrolls of identify l - an uncursed scroll of charging p - an uncursed scroll of teleportation w - a cursed scroll of identify y - an uncursed scroll of taming B - an uncursed scroll of gold detection L - an uncursed scroll of magic mapping M - a blessed scroll of teleportation N - an uncursed scroll of earth O - 2 uncursed scrolls of enchant armor P - an uncursed scroll of teleportation R - 3 uncursed scrolls of identify U - an uncursed scroll of destroy armor Y - 2 uncursed scrolls of confuse monster Spellbooks k - a blessed spellbook of blank paper Potions x - an uncursed potion of speed C - an uncursed potion of blindness E - an uncursed potion of invisibility J - an uncursed potion of sleeping X - an uncursed potion of gain ability Z - an uncursed potion of gain energy Rings c - an uncursed ring of teleportation d - an uncursed ring of searching I - an uncursed ring of conflict Wands q - a wand of locking (0:6) F - a wand of create monster (0:14) H - a wand of teleportation (0:6) V - a wand of sleep (0:3) W - a wand of magic missile (0:7) Tools b - an uncursed bag of holding i - an uncursed brass lantern (0:230) n - a magic marker (0:5) o - an uncursed wooden flute t - an uncursed towel v - an uncursed skeleton key G - an uncursed lock pick K - 7 uncursed tallow candles (0:200) Spells known in the end: Name Level Category Fail Memory a - force bolt 1 attack 0% 86% b - magic missile 2 attack 0% 86% c - haste self 3 escape 99% 86% d - detect monsters 1 divination 0% 88% e - levitation 4 escape 100% 98% Your skills at the end: Fighting Skills Weapon Skills quarterstaff [Basic] Spellcasting Skills attack spells [Basic] enchantment spells [Basic] Final Attributes: You were piously aligned. You were cold resistant. You were sleep resistant. You were poison resistant. You were magic-protected. You were confused. You were blinded. You were telepathic. You had infravision. You were very fast. You were lucky. You are dead. Vanquished creatures: a queen bee 2 winter wolves 3 small mimics a dwarf king a winter wolf cub a gold golem a lizard a raven a gnome mummy a snake a wood nymph an orc shaman a rock piercer a shrieker 5 gnome lords 2 gnomish wizards a black naga hatchling 2 floating eyes 9 dwarves a kobold lord a kobold shaman a hill orc 5 monkeys 16 killer bees an acid blob a coyote a gas spore a hobbit a brown mold 28 gnomes 6 garter snakes a gecko 10 jackals 4 kobolds 6 grid bugs 3 bats 3 lichens 6 newts 132 creatures vanquished. Voluntary challenges: You used a wielded weapon 225 times, starting on turn 2. You read items or engraved 31 times, starting on turn 45. You never genocided any monsters. You never polymorphed an object. You never changed form. You used no wishes. You never split a pudding. You wrote Elbereth's name 11 times, starting on turn 73. You never violated your personal moral code. Dungeon overview: The Dungeons of Doom: levels 1 to 12 Level 1 a long staircase Level 2 some fountains Level 3 stairs to The Gnomish Mines Level 4 an altar to Thoth Level 5 Level 6 stairs to Sokoban Level 7 Level 8 a scroll shop Level 9 (throne) Level 10 (whitecorn) Level 11 Level 12 <- You were here The Gnomish Mines: levels 4 to 7 Level 4 stairs to The Dungeons of Doom Level 5 Level 6 Level 7 many shops, a temple to Thoth , a fountain Sokoban: Level 5 stairs to The Dungeons of Doom History has recorded: On T:1 you entered the Dungeons of Doom to retrieve the Amulet of Yendor! On T:22 you reached level 2 of The Dungeons of Doom. On T:69 you reached level 3 of The Dungeons of Doom. On T:325 you reached level 1 of The Gnomish Mines. On T:330 you advanced to experience level 2. On T:348 you advanced to experience level 3. On T:365 you reached level 2 of The Gnomish Mines. On T:379 you advanced to experience level 4. On T:409 you reached level 3 of The Gnomish Mines. On T:433 you advanced to experience level 5. On T:493 you reached level 4 of The Gnomish Mines. On T:515 you advanced to experience level 6. On T:800 you advanced to experience level 7. On T:1401 you reached level 4 of The Dungeons of Doom. On T:1510 you reached level 5 of The Dungeons of Doom. On T:1726 you reached level 6 of The Dungeons of Doom. On T:1822 you reached level 7 of The Dungeons of Doom. On T:1941 you reached level 4 of Sokoban. On T:2231 you reached level 8 of The Dungeons of Doom. On T:2343 you reached level 9 of The Dungeons of Doom. On T:2657 you reached level 10 of The Dungeons of Doom. On T:2698 you reached level 11 of The Dungeons of Doom. On T:2894 you reached level 12 of The Dungeons of Doom. On T:2943 you advanced to experience level 8. Score breakdown: Gold: 538 ( 9291 points) Experience: 8 levels (14739 points) Exploration: 12 levels ( 23.53%) (14071 points) Discoveries: 12 items ( 4.33%) ( 6244 points) Valuables value: (no points given unless you survive) Artifact value: 0 ( 0 points) Variety of kills: 38 monsters ( 10.03%) ( 9499 points) Time penalty: 2976 turns ( -588 points) Survival: died (score multiplied by 80%) Total score: 42604 Latest messages: You bought a scroll called fb100 for 100 gold pieces. "Thank you for shopping in Cahersiveen's second-hand bookstore!" You drop an uncursed scroll labeled VERR YED HORRE. You drop an uncursed black gem. You drop 2 uncursed yellow gems. You drop an uncursed blue gem. Your feet are frozen to the ground! The killer bee stings! (4x) You die... Final status: Goodbye nht the Wizard, killed by a killer bee, while frozen by a potion... You died in The Dungeons of Doom on dungeon level 12 with 42604 points, and 538 pieces of gold, after 2976 moves. You were level 8 with a maximum of 53 hit points when you died.